 Dungeon Crawl Stone Soup version 0.27-a0-1532-gca18f49f40 (webtiles) character file.

Game seed: 5435238943189905551

807 flotson the Sneak (level 7, -4/66 HPs)
             Began as a Naga Delver on July 12, 2021.
             Slain by a gnoll (9 damage)
             ... while paralysed by a gnoll
             ... on level 4 of the Dungeon on July 13, 2021.
             The game lasted 00:09:59 (6938 turns).

flotson the Sneak (Naga Delver)                     Turns: 6938, Time: 00:10:00

Health: -4/66      AC:  5    Str: 16    XL:     7   Next: 92%
Magic:  7/7        EV:  1    Int: 11    God:
Gold:   202        SH:  0    Dex: 12    Spells: 6/6 levels left

rFire    . . .     SeeInvis +   q - +0 whip (distort)
rCold    . . .     Faith    .   (no shield)
rNeg     . . .     Spirit   .   k - +0 ring mail
rPois    +         Reflect  .   (no helmet)
rElec    .         Harm     .   (no cloak)
rCorr    .         Rampage  .   (no gloves)
Will     .....                  (no barding)
Stlth    +++.......             (no amulet)
HPRegen  0.21/turn              (no ring)
MPRegen  0.10/turn              (no ring)

@: paralysed, very slow
A: AC +2, large, see invisible, deformed body, poison resistance, slowness 2,
spit poison 1, naga tail 1
a: Spit Poison


You were on level 4 of the Dungeon.
You visited 1 branch of the dungeon, and saw 5 of its levels.

You collected 202 gold pieces.

Inventory:

Hand Weapons
 a - a +0 hand axe
 q - a +0 whip of distortion (weapon)
Missiles
 h - 14 poisoned darts (quivered)
 m - 13 curare-tipped darts
Armour
 k - a +0 ring mail (worn)
Jewellery
 j - a ring of see invisible
Wands
 g - a wand of digging (3)
Scrolls
 c - a scroll of fog
 d - a scroll of magic mapping
 e - 3 scrolls of fear
 i - 2 scrolls of teleportation {unknown}
 l - 2 scrolls of amnesia {unknown}
 n - a scroll of brand weapon {unknown}
 o - a scroll of summoning {unknown}
Potions
 b - a potion of mutation {unknown}
 f - a potion of haste
 p - 3 potions of attraction {unknown}
 r - a potion of ambrosia {unknown}
 s - a potion of brilliance {unknown}
 t - a potion of lignification {unknown}
 u - a potion of flight {unknown}


   Skills:
 + Level 4.5 Fighting
 + Level 3.8 Axes
 + Level 2.9 Throwing
 + Level 2.7 Armour
 + Level 3.2 Dodging
 - Level 7.2 Stealth
 + Level 3.1 Evocations


You had 6 spell levels left.
You didn't know any spells.
Your spell library contained the following spells:

 Spells                   Type           Power      Damage    Failure   Level
 Call Canine Familiar     Summ           0%         N/A       89%         3
 Portal Projectile        Hex/Tloc       0%         N/A       89%         3
 Leda's Liquefaction      Hex/Erth       0%         N/A       100%        4


Dungeon Overview and Level Annotations

Branches:
Dungeon (5/15)
 Temple: D:4-7

Altars:

Shops:
D:5 (


Innate Abilities, Weirdness & Mutations

Your serpentine skin is tough. (AC +2)
You have supernaturally acute eyesight. (SInv)
Armour fits poorly on your strangely shaped body.
Your system is resistant to poisons. (rPois)
You cover ground very slowly.
You can spit poison.
You have a snake-like lower body.


Message History

You climb downwards.
The gnoll barely misses you.
There is a stone staircase leading up, spattered with blood here.
Press: ? - help, Shift-Dir - straight line, f - gnoll
Aim: a gnoll, wielding a +0 halberd The splash of poison misses the gnoll.
The gnoll hits you from afar with a +0 halberd!
The gnoll zaps a wand.
You suddenly lose the ability to move!
The gnoll hits you from afar with a +0 halberd.
A bullfrog zombie comes into view.
The gnoll hits you from afar with a +0 halberd.
The gnoll hits you with a +0 flail!
The gnoll hits you from afar with a +0 halberd.
The gnoll zaps a wand.
You shrug off the repeated paralysis!
You have got your breath back.
The gnoll hits you from afar with a +0 halberd.
The gnoll hits you but does no damage.
The gnoll hits you from afar with a +0 halberd.
The gnoll hits you with a +0 flail!
* * * LOW HITPOINT WARNING * * *
You can move again.
The gnoll completely misses you. The gnoll hits you with a +0 flail.
* * * LOW HITPOINT WARNING * * *
You climb upwards.
There is a stone staircase leading down here.
You hit the gnoll.
The gnoll is moderately wounded.
The gnoll blinks!
The gnoll zaps a wand.
You easily resist.
Throw: 15 darts (poison)
Press: ? - help, Q - select action, (/) - cycle Shift-Dir - straight line, f - gnoll
Aim: a gnoll, wielding a +0 flail and carrying a wand of paralysis (2) (moderately wounded, 64% to hit)
You throw a poisoned dart. The poisoned dart hits the gnoll.
The gnoll is poisoned.
The gnoll is moderately wounded.
You barely miss the gnoll.
The gnoll is moderately wounded.
The gnoll zaps a wand.
You suddenly lose the ability to move!
The gnoll hits you with a +0 flail!
* * * LOW HITPOINT WARNING * * *
The gnoll hits you with a +0 flail!
You die...

#....<........####.#.....#####.##
######.#......####<#.###.........
#.#..............######...##
#.####.######..#..........# #.#
#.# #...#...####.#### #.# ##.##
#.#####...>...### #.###...##
#)..#...####..##.
#......).####..#.### #..#..
##....).>(g@.....######).... ####
#.......#####..........###.
##).###..#...## ##.#.######## #.
......#..##.######....# #.
....#.)..##...........# ######.
..#'###..#########...## #......
###.# #..# ##.## ##.####. #...#
#..####### #.# #...# ##
..#####........####.######...####


You could see a gnoll (poisoned).

Vanquished Creatures
  A sky beast (D:4)
  An ogre (D:4)
  2 scorpions (D:4)
  A centaur zombie (D:5)
  A gnoll shaman (D:5)
  Jessica (D:2)
  2 iguanas (D:4)
  6 gnolls
  6 adders
  2 adder skeletons (D:4)
  A worm (D:2)
  3 dart slugs
  3 orcs
  3 bats
  8 endoplasms
  3 giant cockroaches
  8 goblins
  7 hobgoblins
  12 jackals
  15 kobolds
  3 quokkas
  6 ball pythons
  2 frilled lizards (D:1)
  A jackal skeleton (D:4)
  8 rats
106 creatures vanquished.

Vanquished Creatures (others)
  3 plants (D:1)
3 creatures vanquished.

Grand Total: 109 creatures vanquished

Notes
Turn   | Place    | Note
-------+----------+-------------------------------------------
     0 | D:5      | flotson the Naga Delver began the quest for the Orb.
     0 | D:5      | Reached XP level 1. HP: 21/21 MP: 1/1
    15 | D:5      | Noticed an ogre
   452 | D:4      | Reached XP level 2. HP: 25/28 MP: 2/2
   925 | D:3      | Reached XP level 3. HP: 30/34 MP: 3/3
  1193 | D:2      | Reached skill level 1 in Evocations
  1373 | D:2      | Reached skill level 1 in Armour
  1650 | D:1      | Reached XP level 4. HP: 42/42 MP: 4/4
  2048 | D:1      | Reached skill level 1 in Throwing
  2699 | D:2      | Noticed Jessica
  2726 | D:2      | Killed Jessica
  2727 | D:2      | Reached XP level 5. HP: 12/49 MP: 5/5
  3890 | D:4      | Reached XP level 6. HP: 51/57 MP: 6/6
  4525 | D:4      | Noticed a necrophage
  4551 | D:4      | Banished a necrophage
  4552 | D:4      | Reached XP level 7. HP: 27/64 MP: 7/7
  6585 | D:5      | Found Feoguag's Antique Weapon Shoppe.
  6923 | D:5      | Paralysed by a gnoll for 6 turns
  6936 | D:4      | Paralysed by a gnoll for 4 turns
  6938 | D:4      | Slain by a gnoll

Illustrated notes

Levels and vault maps discovered:
D:1:      dpeg_arrival_castle, layout_basic, hangedman_decor_points,
          serial_bayou_pond_c
D:2:      layout_basic, uniq_jessica
D:3:      layout_rooms
D:4:      minmay_razor_zed, layout_loops_ring
D:5:      minmay_evil_eye, layout_loops_ring, serial_shops, shop,
          minmay_door_square, ebering_dispersal_statue_hall, uniq_pikel

Skill      XL: |  1  2  3  4  5  6  7 |
---------------+----------------------+-----
Evocations     | 1 2 3 |  3.1
Dodging        | 2 3 |  3.2
Armour         | 1 2 |  2.7
Throwing       | 1 2 |  2.9
Axes           | 3 |  3.8
Fighting       | 4 |  4.5
Stealth        | |  7.2

Action                   |  1- 3 |  4- 6 |  7- 9 || total
-------------------------+-------+-------+-------++-------
Melee: Hand axe          |    96 |   110 |       ||   206
       Whip              |       |    86 |    70 ||   156
Throw: Dart              |       |    10 |     7 ||    17
 Abil: Spit Poison       |     5 |    11 |     1 ||    17
 Stab: Sleeping          |     5 |     9 |     1 ||    15
       Distracted        |       |     1 |       ||     1
Armor: Leather armour    |     7 |       |       ||     7
       Ring mail         |    17 |    72 |    21 ||   110
Dodge: Dodged            |    60 |   104 |    36 ||   200

Table legend: (Time is in decaauts)
 A = Elapsed time spent in this place.
 B = Non-inter-level travel time spent in this place.
 C = Inter-level travel time spent in this place.
 D = Time resting spent in this place.
 E = Time spent auto-exploring this place.
 F = Levels seen in this place.
 G = Mean time per level.
                   A        B        C        D        E       F      G
               +--------+--------+--------+--------+--------+-----+--------+
         Total |   8280 |   8089 |    191 |    939 |   6035 |   5 | 1656.0 |
       Dungeon |   8280 |   8089 |    191 |    939 |   6035 |   5 | 1656.0 |
               +--------+--------+--------+--------+--------+-----+--------+

Top non-repeatable levels by time:
     D:4: 4020 daAuts
     D:2: 1663 daAuts
     D:1: 1205 daAuts
     D:3: 955 daAuts
     D:5: 435 daAuts
